 Dungeon Crawl Stone Soup version 0.29.1-2-gbd0b4ee654 (webtiles) character file.

Game seed: 14827168724010296639

106 Goreval the Sneak (level 4, 0/36 HPs)
             Began as a Naga Enchanter on Nov 16, 2022.
             Frozen to death by an endoplasm (5 damage)
             ... on level 2 of the Dungeon.
             The game lasted 00:05:24 (2636 turns).

Goreval the Sneak (Naga Enchanter)                  Turns: 2636, Time: 00:05:24

Health: 0/36       AC:  3    Str: 10    XL:     4   Next: 84%
Magic:  0/7        EV: 13    Int: 18    God:
Gold:   111        SH:  0    Dex: 11    Spells: 3/8 levels left

rFire   . . .      SeeInvis +   a - +1 dagger
rCold   . . .      Faith    .   (no shield)
rNeg    . . .      Spirit   .   b - +0 robe
rPois   +          Reflect  .   m - +0 helmet
rElec   .          Harm     .   (no cloak)
rCorr   .          Rampage  .   (no gloves)
Will    .....                   (no barding)
Stlth   +++.......              (no amulet)
HPRegen 0.12/turn               i - +4 ring of evasion
MPRegen 0.10/turn               (no ring)

@: short of breath, invisible, very slow
A: AC +1, large, see invisible, deformed body, poison resistance, slowness 2,
spit poison 1, naga tail 1
a: Spit Poison


You were on level 2 of the Dungeon.
You visited 1 branch of the dungeon, and saw 3 of its levels.

You collected 111 gold pieces.

Inventory:

Hand Weapons
 a - a +1 dagger (weapon)
Missiles
 e - 2 throwing nets
 g - 32 stones
Armour
 b - a +0 robe (worn)
 m - a +0 helmet (worn)
Jewellery
 i - a +4 ring of evasion (left hand)
 p - a +4 ring of evasion
Scrolls
 d - 2 scrolls of teleportation {unknown}
 h - a scroll of fear {unknown}
 j - 4 scrolls of identify {unknown}
 l - a scroll of immolation {unknown}
Potions
 c - a potion of invisibility
 f - 2 potions of mutation {unknown}
 k - a potion of berserk rage {unknown}
 n - 3 potions of curing {unknown}
 o - a potion of attraction {unknown}


   Skills:
 * Level 2.5 Short Blades
 - Level 1.5 Dodging
 + Level 5.2 Stealth
 + Level 2.5 Spellcasting
 * Level 4.0 Hexes


You had 3 spell levels left.
You knew the following spells:

 Your Spells              Type           Power      Damage    Failure   Level
a - Ensorcelled Hibernat  Hex/Ice        18%        N/A       12%         2
b - Confusing Touch       Hex            16%        N/A       10%         3

Your spell library contained the following spells:

 Spells                   Type           Power      Damage    Failure   Level
 Tukima's Dance           Hex            16%        N/A       10%         3
 Dazzling Flash           Conj/Hex       18%        N/A       22%         3
 Yara's Violent Unravell  Hex/Tmut       4%         3d4       91%         5
 Enfeeble                 Hex            8%         N/A       100%        7


Dungeon Overview and Level Annotations

Branches:
Dungeon (3/15)

Altars:

Shops:
D:1 (

Annotations:
D:3 1 runed translucent door


Innate Abilities, Weirdness & Mutations

Your serpentine skin is tough. (AC +1)
You have supernaturally acute eyesight. (SInv)
Armour fits poorly on your strangely shaped body.
Your system is resistant to poisons. (rPois)
You cover ground very slowly.
You can spit poison.
You have a snake-like lower body.


Message History

You don't have enough magic to cast this spell.
Aim: an orc, wielding a +0 short sword and wearing a +0 ring mail (65% to hit)
You fail to use your ability.
The orc closely misses you. The endoplasm completely misses you.
You barely miss the orc. The orc hits you with a +0 short sword.
The endoplasm hits you.
You hit the orc. The orc hits you with a +0 short sword.
The endoplasm completely misses you.
You closely miss the orc. The orc hits you but does no damage.
The endoplasm barely misses you.
Aim: an orc, wielding a +0 short sword and wearing a +0 ring mail (lightly wounded, chance to affect: 61%)
The orc resists with significant effort.
The orc hits you but does no damage. The endoplasm freezes you.
You are frozen.
You closely miss the orc. The orc closely misses you.
The endoplasm freezes you.
You are frozen.
Aim: an orc, wielding a +0 short sword and wearing a +0 ring mail (65% to hit)
The splash of poison hits the orc but does no damage.
The orc is poisoned.
The orc hits you with a +0 short sword.
* * * LOW HITPOINT WARNING * * *
The endoplasm closely misses you.
You fade into invisibility!
The orc barely misses you. The endoplasm closely misses you.
You have got your breath back.
The endoplasm closely misses you.
You strike the helpless orc from behind!
You puncture the orc!
You kill the orc!
The endoplasm closely misses you.
You hit the endoplasm. The endoplasm freezes you.
You are frozen.
* * * LOW HITPOINT WARNING * * *
Aim: an endoplasm (lightly wounded, 97% to hit)
The splash of poison hits the endoplasm.
The endoplasm freezes you.
You are frozen.
You die...

.≈.###.....######
≈.###.......#>..# .##
#....)...).## ##
#.........##
######.....#.##
.............#
.###........########
......÷.......##..>##
#..###...........@J<##
##.# ##..............#
...####.#............#
##.##...#............#
##..>.####..........##
#..###.......##...##
#......###..#######
#.#...#...........#
#.#.....##........#


You could see an endoplasm.

Vanquished Creatures
  Robin (D:2)
  2 adders (D:2)
  2 gnolls
  2 worms
  2 orcs
  2 bats (D:2)
  3 endoplasms
  3 giant cockroaches
  9 goblins
  7 hobgoblins
  3 kobolds (D:1)
  2 quokkas
  4 ball pythons
  2 frilled lizards (D:2)
  4 rats
48 creatures vanquished.

Notes
Turn   | Place    | Note
-------+----------+-------------------------------------------
     0 | D:1      | Goreval the Naga Enchanter began the quest for the Orb.
     0 | D:1      | Reached XP level 1. HP: 15/15 MP: 3/3
   223 | D:1      | Found Jylynk's Weapon Boutique.
   315 | D:1      | Reached XP level 2. HP: 22/22 MP: 5/5
   320 | D:1      | Learned a level 2 spell: Ensorcelled Hibernation
  1314 | D:1      | Reached XP level 3. HP: 28/28 MP: 3/6
  1318 | D:1      | Learned a level 3 spell: Confusing Touch
  1358 | D:2      | Noticed Robin
  1359 | D:2      | Killed Robin
  1484 | D:2      | Reached skill level 5 in Stealth
  1828 | D:2      | Reached XP level 4. HP: 30/36 MP: 7/7
  2287 | D:2      | Found a faded altar of an unknown god.
  2529 | D:3      | Found a runed translucent door.
  2636 | D:2      | Frozen to death by an endoplasm

Illustrated notes

Levels and vault maps discovered:
D:1:      shiori_shiawase, layout_loops_corners, serial_shops,
          nicolae_shop_bloodbath_and_beyond, grunt_decor_clamped
D:2:      layout_rooms, shapermc_ecumenical_altar_starsandcircs, uniq_robin
D:3:      layout_rooms, nicolae_elyvilon_peaceful_grove,
          nicolae_overflow_two_pavilions, ebering_ghost_sewer_f,
          serial_co_window_serial, co_window_corner_a, co_window_cross_1,
          co_window_corner_a, co_window_paths_a, co_window_of_opportunity_a,
          co_window_corner_b, co_window_2corner, co_window_unsneaky_path_e,
          co_window_corner_ca, co_window_4corner_a, glass_columns_a

Skill      XL: |  1  2  3  4 |
---------------+-------------+-----
Short Blades   | 2 |  2.5
Stealth        | 5 |  5.2
Hexes          | 4 |  4.0
Dodging        | |  1.5
Spellcasting   | |  2.5

Action                   |  1- 3 |  4- 6 || total
-------------------------+-------+-------++-------
Melee: Dagger            |    71 |    32 ||   103
 Cast: Ensorcelled Hiber |    11 |    11 ||    22
 Abil: Spit Poison       |     5 |     4 ||     9
  Use: Potion            |       |     1 ||     1
 Stab: Sleeping          |    19 |     7 ||    26
       Invisible         |       |     1 ||     1
Armor: Robe              |    11 |    12 ||    23
Dodge: Dodged            |    25 |    35 ||    60
